 Dungeon Crawl Stone Soup version 0.15-a0-890-g337b859 (webtiles) character file.

79 Engledude530 the Caller (level 4, -1/25 HPs)
             Began as a Deep Elf Summoner on Sept 3, 2015.
             Hit by a tomahawk of returning thrown by an orc (4 damage)
             ... on Level 3 of the Dungeon.
             The game lasted 00:20:57 (1748 turns).

Engledude530 the Caller (Deep Elf Summoner)         Turns: 1748, Time: 00:20:57

HP  -1/25        AC  2     Str  5      XL: 4   Next: 16%
MP  15/15        EV 13     Int 21      God:
Gold 104         SH  0     Dex 15      Spells:  4 memorised,  1 level left

rFire  . . .     SeeInvis .     p - +0 flail
rCold  . . .     Clarity  .     a - +0 robe
rNeg   . . .     Conserve .     (no shield)
rPois  .         rCorr    .     (no helmet)
rElec  .         rRot     .     (no cloak)
SustAb .         Spirit   .     (no gloves)
rMut   .         Warding  .     (no boots)
Gourm  .         Stasis   .     (no amulet)
MR     .....                    (no ring)
                                (no ring)

@: not resistant to hostile enchantments, unstealthy
A: no striking features
a: no special abilities


You were on level 3 of the Dungeon.
You were not hungry.

You visited 1 branch of the dungeon, and saw 4 of its levels.

You collected 104 gold pieces.

Inventory:

Hand weapons
 e - a +1,+1 dagger
 p - a +0,+0 flail (weapon)
 v - a -1,-3 dagger
Missiles
 d - 31 stones (quivered)
 f - 28 darts
 n - 2 curare-tipped needles
 t - 18 bolts
 w - 25 arrows
Armour
 a - a +0 robe (worn)
 k - a +0 ring mail
 u - a +0 chain mail
 x - a +0 ring mail
Comestibles
 c - 2 bread rations
 g - a choko
 j - an apple
 l - 3 meat rations
 q - a chunk of goblin flesh
 s - a chunk of jackal flesh
 C - 2 chunks of jackal flesh
 D - a rotting chunk of rat flesh
Scrolls
 i - a scroll of immolation
 o - a scroll of random uselessness
Potions
 h - a potion of curing
 m - 2 potions of heal wounds
 r - a potion of confusion
 z - a potion of restore abilities
Books
 b - a book of Callings

   Spells                             Type                      Level
   *Summon Small Mammal               Summoning                    1
   *Call Imp                          Summoning                    2
   *Call Canine Familiar              Summoning                    3
   *Summon Guardian Golem             Hexes/Summoning              4
   Summon Lightning Spire             Summoning/Air                4
   Summon Ice Beast                   Ice/Summoning                4


   Skills:
 * Level 1.0 Fighting
 - Level 1.0 Short Blades
 + Level 2.5 Dodging
 - Level 2.4 Stealth
 + Level 4.1 Spellcasting
 + Level 5.2 Summonings


You had one spell level left.
You knew the following spells:

 Your Spells              Type           Power        Failure   Level  Hunger
a - Summon Small Mammal   Summ           ####         1%          1    None
b - Call Imp              Summ           ####....     1%          2    #......
c - Call Canine Familiar  Summ           ####....     4%          3    ###....
d - Summon Guardian Gole  Hex/Summ       ###.....     41%         4    ####...


Dungeon Overview and Level Annotations

Branches:
Dungeon (4/15)
 Temple: D:4-7

Altars:
Vehumet

Annotations:
D:4 Eustachio


Message History

The tomahawk of returning hits your hound.
The weapon returns to the orc!
Your hound stops to sniff the ground.
Your hound bites the orc.
Your hound bites the orc.
The orc throws a tomahawk of returning.
The tomahawk of returning barely misses your hound.
The tomahawk of returning hits you but does no damage.
The weapon returns to the orc!
Your hound disappears in a puff of smoke!
The orc throws a tomahawk of returning.
The tomahawk of returning closely misses you.
The weapon returns to the orc!
You see here a tomahawk of returning.
The orc throws a tomahawk of returning.
The tomahawk of returning misses you.
You see here a tomahawk of returning.
The orc throws a tomahawk of returning.
The tomahawk of returning hits you but does no damage.
The weapon returns to the orc!
The orc throws a tomahawk of returning.
The tomahawk of returning hits you.
You die...

#.>..# #.# #....# #.#
#....# #.# #....# #.#
#### #....# #.# #..
#....# #.# #o######
###### #.# #...((.# #.#
#.####@# #.# ..... #.#
#.#
######.#.############.#
#.....................#
#.####.#.##############
#...# #####


You could see an orc.

Vanquished Creatures
  2 adders (D:2)
  A giant gecko (D:3)
  2 oozes (D:1)
  A hobgoblin (D:3)
  A jackal (D:1)
  2 bats
  A giant newt (D:2)
  4 rats
14 creatures vanquished.

Vanquished Creatures (collateral kills)
  2 adders
  2 worms
  2 oozes
  4 orcs (D:3)
  5 bats
  4 hobgoblins
  8 jackals
  3 kobolds
  2 giant newts
  7 goblins
  7 rats
46 creatures vanquished.

Vanquished Creatures (others)
  A crimson imp (D:2)
  A quokka (D:2)
  4 rats
6 creatures vanquished.

Grand Total: 66 creatures vanquished

Notes
Turn   | Place    | Note
--------------------------------------------------------------
     0 | D:1      | Engledude530, the Deep Elf Summoner, began the quest for the Orb.
     0 | D:1      | Reached XP level 1. HP: 10/10 MP: 5/5
   235 | D:1      | Reached XP level 2. HP: 9/15 MP: 4/8
   379 | D:1      | Learned a level 2 spell: Call Imp
   692 | D:2      | Reached XP level 3. HP: 20/20 MP: 6/11
   930 | D:2      | Reached skill level 5 in Summonings
  1000 | D:2      | Learned a level 3 spell: Call Canine Familiar
  1086 | D:3      | Reached skill level 1 in Fighting
  1109 | D:3      | Found a radiant altar of Vehumet.
  1232 | D:3      | Reached skill level 1 in Short Blades
  1299 | D:3      | Reached XP level 4. HP: 20/25 MP: 8/15
  1400 | D:3      | Learned a level 4 spell: Summon Guardian Golem
  1406 | D:3      | Noticed a spatial vortex
  1422 | D:3      | Noticed a hellwing
  1663 | D:4      | Noticed Eustachio
  1748 | D:3      | Hit by a tomahawk of returning thrown by an orc

Action                   |  1- 3 |  4- 6 || total
-------------------------+-------+-------++-------
Melee: Dagger            |    31 |       ||    31
       Unarmed           |     3 |       ||     3
       Flail             |    25 |     4 ||    29
 Cast: Summon Small Mamm |    18 |       ||    18
       Call Imp          |    25 |     4 ||    29
       Call Canine Famil |     6 |     1 ||     7
  Use: Scroll            |     5 |     2 ||     7
       Potion            |     6 |       ||     6
 Stab: Distracted        |     2 |       ||     2
       Sleeping          |     1 |       ||     1
